 Dungeon Crawl Stone Soup version 0.27.1-35-g4d5d836560 (webtiles) character file.

Game seed: 13111081630655410271

747 Delamore the Covert (level 7, -7/45 HPs)
             Began as an Octopode Brigand on Apr 18, 2022.
             Was an Initiate of Gozag.
             Mangled by Menkaure (10 damage)
             ... while paralysed by Grinder
             ... on level 5 of the Dungeon.
             The game lasted 00:05:27 (3921 turns).

Delamore the Covert (Octopode Brigand)              Turns: 3921, Time: 00:05:28

Health: -7/45      AC:  5    Str: 10    XL:     7   Next: 77%
Magic:  7/7        EV:  2    Int: 14    God:    Gozag
Gold:   239        SH:  0    Dex: 15    Spells: 6/6 levels left

rFire    . . .     SeeInvis .   a - +2 dagger
rCold    . . .     Faith    .   (no shield)
rNeg     . . .     Spirit   .   (helmet restricted)
rPois    +         Reflect  .   j - amulet of regeneration
rElec    .         Harm     .   g - ring of resist corrosion
rCorr    +         Rampage  .   h - ring of poison resistance
Will     .....                  l - +4 ring of protection
Stlth    +++++.....             (no ring)
HPRegen  1.15/turn              (no ring)
MPRegen  0.10/turn              (no ring)
                                (no ring)
                                (no ring)

@: paralysed
A: almost no armour, amphibious, 8 rings, camouflage 1, gelatinous body 1,
(nimble swimmer 1), tentacles
a: Renounce Religion, Potion Petition, Call Merchant, Bribe Branch


You were on level 5 of the Dungeon.
You worshipped Gozag.
Gozag was aware of your devotion.
You visited 2 branches of the dungeon, and saw 6 of its levels.

You collected 324 gold pieces.
You paid 85 gold pieces to Gozag.

Inventory:

Hand Weapons
 a - a +2 dagger (weapon)
Missiles
 b - 15 poisoned darts (quivered)
 c - 2 curare-tipped darts
 w - 7 atropa-tipped darts
Jewellery
 g - a ring of resist corrosion (left tentacle)
 h - a ring of poison resistance (right tentacle)
 j - an amulet of regeneration (around mantle)
 l - a +4 ring of protection (on tentacle)
 B - an amulet of guardian spirit
Wands
 t - a wand of iceblast (3)
 A - a wand of flame (7)
Scrolls
 d - a scroll of immolation {unknown}
 e - a scroll of enchant armour {unknown}
 f - a scroll of brand weapon {unknown}
 m - a scroll of teleportation {unknown}
 n - a scroll of fog {unknown}
 o - a scroll of amnesia
 q - a scroll of noise {unknown}
 r - a scroll of holy word {unknown}
 u - a scroll of fear {unknown}
 x - a scroll of vulnerability {unknown}
 y - a scroll of identify {unknown}
Potions
 i - 7 potions of curing {unknown}
 k - 2 potions of heal wounds {unknown}
 p - a potion of haste {unknown}
 s - a potion of brilliance {unknown}
 v - a potion of attraction {unknown}
 z - a potion of resistance {unknown}


   Skills:
 - Level 2.0 Fighting
 * Level 7.1 Short Blades
 - Level 2.0 Throwing
 - Level 1.0 Dodging
 + Level 8.6 Stealth


You had 6 spell levels left.
You didn't know any spells.
Your spell library contained the following spells:

 Spells                   Type           Power      Damage    Failure   Level
 Beastly Appendage        Tmut           0%         N/A       28%         1
 Foxfire                  Conj/Fire      0%         2x1d4     28%         1
 Wereblood                Tmut           0%         N/A       41%         2
 Conjure Flame            Conj/Fire      0%         6-21      65%         3
 Inner Flame              Hex/Fire       0%         N/A       65%         3
 Spider Form              Tmut/Pois      0%         N/A       65%         3


Dungeon Overview and Level Annotations

Branches:
Dungeon (5/15)             Temple (1/1) D:4

Altars:
Ashenzari
Dithmenos
Fedhas
Gozag
Hepliaklqana
Kikubaaqudgha
Nemelex Xobeh
Okawaru
Sif Muna
Trog
Uskayaw
Vehumet
Yredelemnul
Zin
The Shining One

Annotations:
D:5 Grinder, Menkaure


Innate Abilities, Weirdness & Mutations

You cannot wear most types of armour.
You are amphibious.
You can wear up to eight rings at the same time.
Your skin changes colour to match your surroundings (Stealth+).
Your rubbery body absorbs attacks. (AC +1, EV +1)
((You are camouflaged near water. (Stealth+)))
You have tentacles for arms and can constrict up to eight enemies at once.


Message History

You constrict Menkaure, but do no damage.
Menkaure is distracted by your dazzling golden aura.
Menkaure shouts!
You hit Menkaure but do no damage.
Menkaure is no longer distracted by gold.
Menkaure is moderately damaged.
You constrict Menkaure, but do no damage.
Grinder gestures at you.
You struggle to resist.
Menkaure hits you but does no damage.
You hit Menkaure but do no damage. You squeeze Menkaure.
Menkaure is moderately damaged.
You constrict Menkaure, but do no damage.
Grinder gestures at you. Pain shoots through your body!
The orc is distracted by your dazzling golden aura.
The orc shouts!
You hit the orc.
The orc is no longer distracted by gold.
You grab the orc.
The orc is heavily wounded.
You constrict Menkaure. You constrict the orc. Menkaure hits you!!
You hit the orc. You squeeze the orc, but do no damage.
The orc is almost dead.
You constrict Menkaure. You constrict the orc.
You kill the orc!
Grinder gestures at you.
You suddenly lose the ability to move!
You lose your grip on Menkaure.
Menkaure points at you and mumbles some strange words.
Pain shoots through your body!
Grinder blinks!
Menkaure hits you!
* * * LOW HITPOINT WARNING * * *
The scorpion zombie hits you but does no damage.
Menkaure hits you!
* * * LOW HITPOINT WARNING * * *
Grinder gestures at you.
You struggle to resist.
The scorpion zombie hits you but does no damage.
Menkaure hits you!
You die...
Your body crumbles into a pile of gold.

............ #
........... .#
......(...#
..#
..........##.#
.........#...
...
.......$...#
..
#.....$..ZM#
.# #.$..5@# .
####$.(# #
#...# # #...#
##).# ### #..#
# ##.######..#
##
#.......#..#
.##
##..........#


You could see Grinder, Menkaure and a scorpion zombie.

Vanquished Creatures
  2 black bears (D:4)
  An ogre (D:4)
  A water moccasin skeleton (D:5)
  A howler monkey (D:4)
  An orc priest (D:5)
  A hound (D:4)
  A bullfrog skeleton (D:5)
  5 iguanas
  An orc wizard (D:5)
  5 adders
  A worm (D:4)
  11 dart slugs
  8 orcs
  2 endoplasms
  A giant cockroach (D:1)
  9 goblins
  4 hobgoblins
  8 jackals
  2 quokkas (D:1)
  8 ball pythons
  4 bats
  12 frilled lizards
  4 kobolds
  2 rats (D:1)
95 creatures vanquished.

Vanquished Creatures (others)
  A bat (D:3)
  4 plants (D:3)
5 creatures vanquished.

Grand Total: 100 creatures vanquished

Notes
Turn   | Place    | Note
-------+----------+-------------------------------------------
     0 | D:1      | Delamore the Octopode Brigand began the quest for the Orb.
     0 | D:1      | Reached XP level 1. HP: 14/14 MP: 1/1
   123 | D:1      | Reached XP level 2. HP: 19/19 MP: 2/2
   621 | D:1      | Reached XP level 3. HP: 24/24 MP: 3/3
   734 | D:1      | Found a faded altar of an unknown god.
  1305 | D:2      | Reached skill level 6 in Stealth
  1399 | D:2      | Reached XP level 4. HP: 29/29 MP: 4/4
  2263 | D:3      | Reached XP level 5. HP: 9/34 MP: 5/5
  2427 | D:4      | Noticed a black bear
  2433 | D:4      | Killed a black bear
  2434 | D:4      | Reached skill level 5 in Short Blades
  2434 | D:4      | Reached skill level 7 in Stealth
  2434 | D:4      | Reached XP level 6. HP: 39/39 MP: 6/6
  2448 | D:4      | Identified the +0 pair of gloves of Unkimpab {rN+ Str+2}
  2631 | D:4      | You fall into a shaft and drop 1 floor!
  2631 | D:5      | Entered Level 5 of the Dungeon
  2750 | D:4      | Reached XP level 7. HP: 27/45 MP: 7/7
  3026 | D:4      | Found a staircase to the Ecumenical Temple.
  3041 | D:4      | Reached skill level 8 in Stealth
  3058 | Temple   | Entered the Ecumenical Temple
  3175 | Temple   | Became a worshipper of Gozag Ym Sagoz the Greedy
  3831 | D:5      | Noticed Grinder
  3901 | D:5      | Noticed Menkaure
  3916 | D:5      | Paralysed by Grinder for 5 turns
  3919 | D:5      | HP: 1/45 [Menkaure (7)]
  3921 | D:5      | Mangled by Menkaure

Illustrated notes

Levels and vault maps discovered:
D:1:      ebering_hopf_link, layout_rooms, shapermc_ecumenical_altar_flowoftime
D:2:      layout_loops_corners, palyth_stone_intersect,
          corexii_item_surrounded_by_moat
D:3:      kennysheep_slugbush, layout_rooms, minmay_lizard_king
D:4:      layout_loops_ring, minmay_temple_entry_poolview
D:5:      layout_cave_pods, serial_shops, kennysheep_mini, uniq_menkaure,
          uniq_grinder
Temple:   minmay_crystal_snake_temple

Skill      XL: |  1  2  3  4  5  6  7 |
---------------+----------------------+-----
Short Blades   | 3 4 5 6 7 |  7.1
Stealth        | 6 7 8 |  8.6
Fighting       | |  2.0
Throwing       | |  2.0
Dodging        | |  1.0

Action                   |  1- 3 |  4- 6 |  7- 9 || total
-------------------------+-------+-------+-------++-------
Melee: Dagger            |    63 |    98 |    68 ||   229
       Constrict         |    11 |    24 |    17 ||    52
       Tentacles         |     6 |    22 |    18 ||    46
Throw: Dart              |       |    12 |    15 ||    27
Evoke: Wand              |       |       |     4 ||     4
  Use: Scroll            |       |       |     1 ||     1
 Stab: Sleeping          |    10 |     4 |     4 ||    18
Armor: Skin              |     4 |    19 |    22 ||    45
Dodge: Dodged            |    27 |    59 |    30 ||   116
